 Dungeon Crawl Stone Soup version 0.28.0-47-ge53b351184 (webtiles) character file.

Game seed: 13350230580077112935

29 101zpm the Covered (level 3, -1/23 HPs)
             Began as a Gargoyle Fighter on Apr 27, 2022.
             Slain by Grinder (2 damage)
             ... on level 3 of the Dungeon.
             The game lasted 00:01:26 (381 turns).

101zpm the Covered (Gargoyle Fighter)                Turns: 381, Time: 00:01:27

Health: -1/23      AC: 13    Str: 19    XL:     3   Next: 16%
Magic:  12/12      EV:  9    Int: 10    God:
Gold:   19         SH:  4    Dex:  9    Spells: 2/2 levels left

rFire   . . .      SeeInvis .   a - +0 flail
rCold   . . .      Faith    .   c - +0 buckler
rNeg    + . .      Spirit   .   b - +0 scale mail
rPois   ∞          Reflect  .   f - +2 helmet
rElec   +          Harm     .   (no cloak)
rCorr   .          Rampage  .   (no gloves)
Will    .....                   (no boots)
Stlth   ..........              (no amulet)
HPRegen 0.07/turn               e - ring of magical power
MPRegen 0.13/turn               (no ring)

@: no status effects
A: sickness immunity, AC +3, negative energy resistance 1, electricity
resistance, torment resistance 1, petrification resistance
a: no special abilities


You were on level 3 of the Dungeon.
You visited 1 branch of the dungeon, and saw 3 of its levels.

You collected 19 gold pieces.

Inventory:

Hand Weapons
 a - a +0 flail (weapon)
Armour
 b - a +0 scale mail (worn)
 c - a +0 buckler (worn)
 f - a +2 helmet (worn)
Jewellery
 e - a ring of magical power (left hand)
Potions
 d - a potion of might
 g - a potion of cancellation {unknown}


   Skills:
 + Level 3.6 Fighting
 + Level 2.4 Maces & Flails
 + Level 3.7 Armour
 + Level 3.6 Shields


You had 2 spell levels left.
You didn't know any spells.
Your spell library contained the following spells:

 Spells                   Type           Power      Damage    Failure   Level
 Animate Dead             Necr           0%         N/A       100%        4
 Death Channel            Necr           0%         N/A       100%        6
 Starburst                Conj/Fire      0%         6d3       100%        6


Dungeon Overview and Level Annotations

Branches:
Dungeon (3/15)

Altars:

Annotations:
D:3 Grinder


Innate Abilities, Weirdness & Mutations

You are immune to sickness and miasma.
Your stone body is resilient. (AC +3)
You are immune to poison.
You resist negative energy. (rN+)
You are resistant to electric shocks. (rElec)
You are resistant to unholy torment.
You are immune to petrification.


Message History

Grinder blinks!
The frilled lizard hisses.
You barely miss Grinder. The frilled lizard barely misses you.
Grinder says, "Mostly I couldn't keep them alive."
Grinder closely misses you.
You thump Grinder!
Grinder is moderately wounded.
The frilled lizard bites you but does no damage.
Grinder blinks!
The frilled lizard bites you but does no damage.
You thump the frilled lizard!
You kill the frilled lizard!
Grinder hits you!
You closely miss Grinder.
Grinder is moderately wounded.
You block Grinder's attack.
You barely miss Grinder.
Grinder is moderately wounded.
You feel a little less mighty now. Grinder hits you. Grinder gestures at you.
Pain shoots through your body!
You hit Grinder.
Grinder is moderately wounded.
Grinder hits you but does no damage.
You hit Grinder.
Grinder is moderately wounded.
Grinder completely misses you.
You sock Grinder!
Grinder is severely wounded.
Grinder rolls her eyes.
Grinder hits you but does no damage.
Grinder says, "Just stop there for a second..."
Grinder hits you but does no damage.
You barely miss Grinder.
Grinder is severely wounded.
Grinder hits you!
* * * LOW HITPOINT WARNING * * *
You writhe in agony.
You die...

..##############
#. ...............
#...###.......<...
#>........@5$....#
.#####.########..
#.#########
#..<......#
#.........#
#.........#
#.).......#
#.........#
#.).......#


You could see Grinder.

Vanquished Creatures
  Terence (D:3)
  A worm (D:2)
  3 frilled lizards
  2 kobolds (D:3)
7 creatures vanquished.

Notes
Turn   | Place    | Note
-------+----------+-------------------------------------------
     0 | D:1      | 101zpm the Gargoyle Fighter began the quest for the Orb.
     0 | D:1      | Reached XP level 1. HP: 14/14 MP: 1/1
   232 | D:1      | You fall into a shaft and drop 1 floor!
   311 | D:2      | Noticed Terence
   336 | D:3      | Killed Terence
   337 | D:3      | Reached XP level 2. HP: 19/19 MP: 2/2
   337 | D:3      | Reached XP level 3. HP: 23/23 MP: 3/3
   354 | D:3      | Got the Handbook of Somewhere Else
   369 | D:3      | Noticed Grinder
   381 | D:3      | HP: 1/23 [Grinder (7)]
   381 | D:3      | Slain by Grinder

Illustrated notes

Levels and vault maps discovered:
D:1:      sevenhm_arrival_forest_fort_small_6, layout_basic, serial_shops, shop,
          dreamdust_ecumenical_altar_hidden_monk_grotto,
          minmay_shallow_snake_nest
D:2:      minmay_angry_zag, layout_rooms, minmay_rat_gold_closets, uniq_terence
D:3:      layout_basic, nicolae_ru_the_path_less_chosen,
          hangedman_decor_peaks_small, kennysheep_generic_room_12, uniq_grinder

Action                   || total
-------------------------++-------
Melee: Flail             ||    30
  Use: Potion            ||     1
Armor: Scale mail        ||    12
Dodge: Dodged            ||    14
Block: Buckler           ||     4
